Map: Lockdown LE

Players

SpearOfAdun

  • Race: Terran Terran
  • League: Grandmaster

A.I. 2 (Elite) - Winner!

  • Race: Zerg Zerg

VOD

Have the link to the VOD?

Description

Time

  • Played on: Aug. 20, 2026, 1:36 p.m.
  • Length: 8:21
Show
View Real Time Build Order
Export as new Build Order

SpearOfAdun Terran 

Build Orders:  

Get SALT Encoding   

  8  0:00  SCV  
  9  0:12  SCV  
  10  0:24  SCV  
  11  0:36  SCV  
  11  0:39  Supply Depot  
  12  0:48  SCV  
  13  1:01  SCV  
  14  1:10  Command Center  
  14  1:14  SCV  
  15  1:26  SCV  
  15  1:30  Barracks  
  16  1:36  Refinery  
  16  1:40  SCV  
  17  1:52  SCV  
  18  2:00  Refinery  
  18  2:04  SCV  
  19  2:17  Orbital Command  
  19  2:20  Barracks Reactor  
  21  2:22  Orbital Command  
  19  2:41  Factory  
  19  2:43  SCV  
  20  2:48  SCV  
  21  2:55  SCV  
  21  2:57  Marine x2  
  24  3:02  Bunker  
  24  3:04  SCV  
  25  3:07  SCV  
  26  3:15  Marine x2  
  26  3:16  SCV  
  29  3:21  SCV  
  30  3:27  Starport  
  31  3:37  Supply Depot  
  31  3:39  Hellion x2  
  34  3:44  Barracks Tech Lab  
  34  3:59  SCV x2  
  34  4:01  Supply Depot  
  40  4:02  Hellion  
  40  4:03  Hellion  
  40  4:06  Viking  
  40  4:07  Stimpack  
  42  4:23  Marine, SCV x2  
  45  4:25  Supply Depot x2  
  45  4:35  SCV x2  
  45  4:36  Factory Tech Lab  
  45  4:37  Barracks  
  47  4:39  Starport Reactor  
  47  4:43  Barracks  
  47  4:45  Refinery  
  47  4:47  SCV  
  47  4:48  Engineering Bay, Marine  
  47  4:50  SCV  
  50  4:55  Supply Depot  
  50  4:59  SCV  
  51  5:00  Siege Tank  
  51  5:03  SCV  
  55  5:11  SCV  
  56  5:14  Marine  
  56  5:15  SCV  
  56  5:17  Terran Infantry Weapons Level 1  
  58  5:21  Supply Depot  
  58  5:23  SCV  
  58  5:27  SCV, Starport Reactor  
  60  5:30  Marine x2  
  60  5:32  Marine, Siege Tank  
  66  5:35  SCV  
  66  5:37  Marine x2  
  69  5:46  SCV  
  69  5:47  Combat Shield  
  69  5:48  Marine x2  
  69  5:49  Supply Depot  
  72  5:51  Marine, Supply Depot  
  72  5:54  SCV, Marine  
  72  5:55  Marine  
  76  6:03  SCV  
  77  6:05  Marine  
  77  6:06  Siege Tank, SCV  
  77  6:10  Marine x2, Medivac x2  
  88  6:12  Marine  
  88  6:13  Supply Depot  
  88  6:15  Marine  
  91  6:18  SCV  
  91  6:23  Marine  
  92  6:31  Marine  
  92  6:32  Barracks, Marine x2  
  95  6:33  Marine, Barracks  
  96  6:40  Siege Tank  
  96  6:44  Supply Depot  
  96  6:45  Supply Depot  
  99  6:49  Marine x3  
  99  6:51  Medivac x2  
  106  7:05  Marine x2  
  106  7:06  Marine  
  106  7:07  Marine x2  
  106  7:08  Supply Depot  
  111  7:20  Marine x2  
  111  7:21  Siege Tank, Medivac  
  118  7:23  Marine x2  
  118  7:24  Marine  
  121  7:36  Marine  
  122  7:37  Marine  
  122  7:38  Marine x2  
  125  7:46  Marine x3  
  125  7:48  Medivac  
  130  7:54  Marine  
  130  7:57  Supply Depot  
  129  8:01  Marine, Supply Depot  
  129  8:02  Marine x2  
Show
View Real Time Build Order
Export as new Build Order

A.I. 2 (Elite) Zerg - Winner!

Build Orders: Hatch First 

Get SALT Encoding   

  8  0:00  Drone  
  9  0:10  Drone  
  10  0:16  Drone  
  11  0:21  Drone  
  12  0:33  Overlord  
  12  0:51  Drone x3  
  15  1:01  Drone  
  16  1:11  Drone  
  17  1:20  Hatchery  
  17  1:24  Drone  
  17  1:40  Spawning Pool  
  17  1:43  Drone  
  17  1:47  Extractor  
  17  1:48  Drone  
  17  1:53  Drone  
  18  2:00  Drone  
  19  2:10  Overlord  
  19  2:20  Drone  
  20  2:27  Queen  
  22  2:30  Zergling x2  
  22  2:32  Drone  
  24  2:49  Queen  
  26  2:52  Drone  
  27  3:05  Roach Warren  
  26  3:06  Extractor  
  26  3:07  Drone  
  26  3:11  Drone  
  27  3:17  Overlord  
  27  3:21  Drone  
  27  3:24  Drone  
  29  3:27  Drone  
  29  3:30  Drone  
  29  3:34  Drone  
  32  3:37  Zergling x2  
  32  3:41  Zergling x2  
  34  3:45  Roach  
  36  3:49  Roach  
  36  3:53  Roach  
  40  3:59  Overlord  
  40  4:14  Lair  
  43  4:17  Drone x2, Roach  
  43  4:18  Metabolic Boost  
  45  4:24  Drone  
  45  4:26  Drone  
  45  4:29  Zergling x2  
  46  4:31  Drone  
  47  4:44  Overlord  
  47  4:52  Drone  
  48  4:57  Evolution Chamber, Drone  
  48  5:03  Drone, Roach, Evolution Chamber  
  48  5:04  Overlord  
  50  5:07  Roach  
  50  5:10  Drone  
  50  5:12  Drone  
  54  5:15  Hydralisk Den, Drone  
  54  5:22  Drone  
  54  5:23  Infestation Pit  
  54  5:28  Overlord  
  54  5:30  Drone  
  54  5:33  Drone  
  54  5:34  Drone  
  56  5:36  Drone  
  56  5:38  Drone  
  56  5:40  Drone  
  59  5:45  Hydralisk  
  59  5:46  Hydralisk  
  59  5:47  Drone  
  59  5:49  Overlord  
  64  5:51  Drone  
  64  5:53  Drone  
  64  5:54  Drone  
  64  5:56  Drone  
  68  5:58  Drone  
  68  6:01  Infestor  
  71  6:07  Overlord, Drone x2, Roach  
  71  6:09  Roach  
  77  6:12  Roach  
  79  6:24  Extractor, Infestor  
  79  6:25  Overlord, Roach  
  82  6:27  Extractor  
  82  6:28  Drone  
  82  6:38  Zergling x2  
  82  6:40  Hatchery  
  82  6:41  Drone  
  82  6:46  Drone x2  
  82  6:47  Overlord, Drone  
  85  6:50  Drone x2  
  85  6:51  Drone  
  88  6:55  Ravager  
  88  6:57  Roach  
  91  7:04  Ravager  
  91  7:06  Overlord  
  91  7:07  Roach  
  94  7:15  Hydralisk  
  94  7:19  Overseer  
  94  7:20  Hydralisk  
  98  7:26  Spine Crawler  
  97  7:30  Spine Crawler  
  97  7:33  Infestor  
  98  7:48  Overlord  
  98  7:50  Roach  
  102  7:53  Roach, Drone x2  
  102  7:54  Drone x3, Zergling x4  
  102  7:55  Zergling x6, Drone  
  95  7:58  Baneling Nest  
  95  7:59  Drone  
  95  8:04  Drone  
  77  8:10  Extractor  
Tags
 
Add a new tag
Caveats
  • Supply blocks, unpowered buildings, or Contaminate may cause inaccurate times.
  • Supply counts are checked every 10 seconds.